 Dungeon Sprint DCSS version 0.20.1-1-g8b1a95d (webtiles) character file.

599 OdinFK the Basher (level 7, -11/74 HPs)
             Began as a Minotaur Berserker on Oct 22, 2017.
             Was a Priest of Trog.
             Mangled by Sonja
             ... wielding a +0 short sword of distortion
              (18 damage)
             ... in the Dungeon (Sprint I: "Red Sonja").
             The game lasted 00:01:48 (604 turns).

OdinFK the Basher (Minotaur Berserker)               Turns: 604, Time: 00:01:49

Health: -11/74     AC:  6    Str: 24    XL:     7   Next: 17%
Magic:  6/6        EV: 13    Int:  4    God:    Trog [***...]
Gold:   414        SH:  0    Dex:  9    Spells: 6/6 levels left

rFire    . . .     SeeInvis .   a - +0 mace
rCold    . . .     Gourm    .   (no shield)
rNeg     . . .     Faith    .   l - +0 ring mail
rPois    .         Spirit   .   (helmet restricted)
rElec    .         Reflect  .   (no cloak)
rCorr    .         Harm     .   (no gloves)
MR       .....     NoTele   +   (no boots)
Stlth    ..........             (no amulet)
Regen    0.3/turn               (no ring)
MPRegen  0.1/turn               (no ring)

@: lethally poisoned (-11 -> -14), berserk cooldown, slowed, very slow
A: retaliatory headbutt, horns 2
a: Berserk, Trog's Hand, Burn Spellbooks, Renounce Religion


You were in the Dungeon.
You worshipped Trog.
Trog was most pleased with you.
You were hungry.

You visited 1 branch You collected 414 gold pieces.

Inventory:

Hand Weapons
 a - a +0 mace (weapon)
Armour
 b - a +0 animal skin
 l - a +0 ring mail (worn)
Wands
 j - a wand of random effects (19/48)
Scrolls
 i - a scroll of blinking
Potions
 d - a potion of curing
 e - a potion of heal wounds
 f - a potion of haste
 g - 2 potions of magic
 h - a potion of berserk rage
 k - a potion of cancellation {unknown}
Comestibles
 c - a bread ration


   Skills:
 + Level 11.2 Fighting
 + Level 12.2 Maces & Flails
 + Level 7.0 Armour
 + Level 6.3 Dodging


You had 6 spell levels left.
You didn't know any spells.

Dungeon Overview and Level Annotations

Branches:
Dungeon (1/1)

Altars:
Cheibriados
Dithmenos
Elyvilon
Fedhas
Gozag
Hepliaklqana
Kikubaaqudgha
Makhleb
Nemelex Xobeh
Okawaru
Qazlal
Ru
Sif Muna
Trog
Uskayaw
Vehumet
Xom
Yredelemnul
Zin
The Shining One
Jiyva
Lugonu

Shops:
D !

Annotations:
D Sonja


Innate Abilities, Weirdness & Mutations

You reflexively headbutt those who attack you in melee.
You have a pair of horns on your head.


Message History

You feel sick.
You see here a curare-tipped needle.
You feel a strong urge to attack something.
You are no longer berserk.
You are exhausted.
You feel as though you will be slow longer.
There is an open door here.
You feel sick.
As you close the door, it creaks loudly!
You feel sick.
Sonja opens the door.
Sonja hits you but does no damage. Space bends around you.
* * * LOW HITPOINT WARNING * * *
Sonja hits you but does no damage. Sonja misses you. Sonja closely misses you.
You furiously retaliate!
You headbutt Sonja. Sonja hits you but does no damage. Space bends around you.
* * * LOW HITPOINT WARNING * * *
Sonja hits you with an uncursed short sword of distortion.
* * * LOW HITPOINT WARNING * * *
Space warps horribly around you!
You die...

#<.#..').#..'..#__#..+
#..'†.#..').#..'..'..#
#..#####'#####'#__####
#..####..#...#)####
#..#__####..##.#
#..#_____##'#..+
#⌠⌠#_.∩...†.(._#
####_..__##K(#'#
#_K___###@#)# #######
#.### +$.$+ #$.$#
##.## #+#


You could see Sonja.

Vanquished Creatures
  A slime creature (D)
  Sigmund (D)
  A yak (D)
  An ogre (D)
  A jelly (D)
  Ijyb (D)
6 creatures vanquished.

Vanquished Creatures (others)
  A gargoyle (D)
1 creature vanquished.

Grand Total: 7 creatures vanquished

Notes
Turn   | Place    | Note
-------+----------+-------------------------------------------
     0 | D        | OdinFK the Minotaur Berserker began the quest for the Orb.
     0 | D        | Reached XP level 1. HP: 19/19 MP: 0/0
     1 | D        | Noticed Ijyb
    15 | D        | Killed Ijyb
    15 | D        | Reached skill level 5 in Fighting
    15 | D        | Reached skill level 5 in Maces & Flails
    15 | D        | Reached XP level 2. HP: 21/29 MP: 1/1
    99 | D        | Noticed an ogre
   105 | D        | Killed an ogre
   105 | D        | Reached skill level 8 in Maces & Flails
   105 | D        | Reached XP level 3. HP: 14/39 MP: 2/2
   105 | D        | Reached XP level 4. HP: 17/47 MP: 3/3
   328 | D        | Noticed Sigmund
   334 | D        | Killed Sigmund
   334 | D        | Reached ** piety under Trog
   334 | D        | Reached skill level 10 in Maces & Flails
   334 | D        | Reached skill level 5 in Armour
   334 | D        | Reached skill level 5 in Dodging
   334 | D        | Reached XP level 5. HP: 47/57 MP: 4/4
   386 | D        | Found a deep blue altar of Sif Muna.
   388 | D        | Found a radiant altar of Vehumet.
   390 | D        | Reached XP level 6. HP: 62/64 MP: 5/5
   412 | D        | Found Nemodoiwk's Distillery.
   412 | D        | Found an ancient bone altar of Kikubaaqudgha.
   412 | D        | Found a hazy altar of Hepliaklqana.
   412 | D        | Found a stormy altar of Qazlal.
   412 | D        | Found a hide-covered altar of Uskayaw.
   412 | D        | Found a blossoming altar of Fedhas.
   412 | D        | Found a bloodstained altar of Trog.
   412 | D        | Found an iron altar of Okawaru.
   412 | D        | Found a basalt altar of Yredelemnul.
   412 | D        | Found a glowing golden altar of the Shining One.
   412 | D        | Found a snail-covered altar of Cheibriados.
   412 | D        | Found a sacrificial altar of Ru.
   412 | D        | Found a glowing silver altar of Zin.
   412 | D        | Found a shadowy altar of Dithmenos.
   412 | D        | Found a white marble altar of Elyvilon.
   412 | D        | Noticed a yak
   417 | D        | Killed a yak
   417 | D        | Reached skill level 10 in Fighting
   417 | D        | Reached skill level 11 in Maces & Flails
   418 | D        | Found an opulent altar of Gozag.
   419 | D        | Found a sparkling altar of Nemelex Xobeh.
   433 | D        | Found a viscous altar of Jiyva.
   433 | D        | Found a corrupted altar of Lugonu.
   433 | D        | Noticed a slime creature
   434 | D        | Found a burning altar of Makhleb.
   434 | D        | Found a shimmering altar of Xom.
   437 | D        | Killed a gargoyle
   440 | D        | Killed a slime creature
   440 | D        | Reached *** piety under Trog
   440 | D        | Reached skill level 12 in Maces & Flails
   440 | D        | Reached XP level 7. HP: 45/74 MP: 6/6
   592 | D        | Noticed Sonja
   604 | D        | Mangled by Sonja

Skill      XL: |  1  2  3  4  5  6 |
---------------+-------------------+-----
Fighting       | 5 7 9 11 | 11.2
Maces & Flails | 5 8 10 12 | 12.2
Armour         | 3 4 5 7 |  7.0
Dodging        | 4 5 6 |  6.3

Action                   |  1- 3 |  4- 6 |  7- 9 || total
-------------------------+-------+-------+-------++-------
Melee: Mace              |    18 |    17 |     3 ||    38
       Headbutt          |     1 |     9 |     1 ||    11
Invok: Berserk           |     1 |       |     1 ||     2
Armor: Ring mail         |       |     2 |     7 ||     9
Dodge: Dodged            |    12 |     5 |     6 ||    23
